Map: Torches LE

Players

Sindyr - Winner!

  • Race: Zerg Zerg
  • League: Master
  • Spawn Location: 5:00

Flame

  • Race: Zerg Zerg
  • League: Gold
  • Spawn Location: 1:00

VOD

Have the link to the VOD?

Description

Time

  • Played on: Sept. 15, 2025, 5:26 p.m.
  • Length: 14:50
Show
View Real Time Build Order
Export as new Build Order

Sindyr Zerg - Winner!

Build Orders: Hatch First 

Get SALT Encoding   

  12  0:01  Drone  
  13  0:12  Overlord  
  13  0:23  Drone  
  14  0:32  Drone x2  
  16  0:50  Hatchery  
  16  0:54  Drone  
  16  0:56  Drone  
  17  1:11  Spawning Pool  
  17  1:15  Drone  
  17  1:18  Extractor  
  16  1:20  Drone  
  16  1:25  Drone  
  18  1:28  Drone  
  19  1:42  Overlord  
  19  1:54  Drone  
  19  1:58  Queen  
  22  2:03  Queen  
  22  2:06  Drone  
  25  2:20  Metabolic Boost  
  25  2:24  Zergling x6  
  25  2:27  Zergling x2  
  29  2:31  Drone  
  29  2:36  Drone  
  31  2:50  Drone  
  31  2:51  Drone  
  33  2:57  Drone x3  
  36  3:06  Overlord  
  36  3:10  Lair  
  36  3:15  Extractor  
  36  3:17  Evolution Chamber  
  34  3:23  Roach Warren  
  33  3:40  Drone x3  
  36  3:43  Drone x3  
  40  3:54  Drone  
  40  3:55  Drone x2  
  43  4:05  Extractor x2, Drone x2  
  43  4:12  Spire  
  43  4:14  Drone x2  
  44  4:18  Overlord x2  
  44  4:46  Drone x3  
  44  4:47  Drone  
  48  4:55  Hatchery, Hydralisk Den  
  46  5:26  Mutalisk x5  
  56  5:35  Zergling x8, Spine Crawler  
  60  5:36  Overlord  
  60  5:37  Overlord x2  
  60  5:38  Spine Crawler x2  
  52  5:54  Zergling x12  
  41  6:12  Mutalisk x4  
  48  6:25  Queen  
  48  6:32  Drone x3  
  53  6:54  Zerg Flyer Weapons Level 1  
  53  6:55  Overlord  
  53  6:56  Overlord  
  53  7:00  Mutalisk  
  49  7:06  Drone x2  
  45  7:20  Drone x5  
  50  7:30  Hydralisk x2  
  54  7:46  Mutalisk, Hydralisk  
  54  7:48  Zergling x8  
  59  8:06  Zergling x8  
  60  8:14  Mutalisk x2  
  60  8:19  Zergling x2  
  63  8:20  Zergling x2  
  64  8:28  Mutalisk  
  64  8:30  Queen  
  64  8:32  Drone x3  
  71  8:35  Drone x2  
  71  8:36  Drone  
  74  8:49  Zerg Flyer Armor Level 1  
  74  8:50  Drone  
  75  9:04  Zerg Melee Weapons Level 1  
  75  9:09  Infestation Pit  
  74  9:25  Extractor, Drone  
  74  9:26  Drone x2  
  74  9:27  Extractor  
  75  9:35  Overlord x2  
  75  9:53  Spine Crawler  
  75  9:54  Spine Crawler  
  75  9:58  Spine Crawler  
  72  10:03  Drone x3  
  71  10:20  Spine Crawler  
  71  10:21  Spine Crawler  
  69  10:24  Spine Crawler  
  69  10:26  Mutalisk x8  
  85  10:28  Zergling x6  
  87  10:36  Queen  
  87  10:42  Zerg Flyer Weapons Level 2  
  89  10:47  Roach Warren  
  88  10:53  Hive  
  81  11:06  Overseer x3  
  81  11:12  Pneumatized Carapace, Drone  
  81  11:13  Drone x4  
  82  11:25  Drone x3  
  85  11:41  Drone  
  85  11:42  Drone x6  
  85  11:44  Spore Crawler  
  85  11:45  Spore Crawler  
  90  11:49  Mutalisk x2  
  89  11:58  Zergling x8  
  89  11:59  Zergling x2  
  94  12:09  Zerg Melee Weapons Level 2  
  94  12:11  Adrenal Glands  
  94  12:23  Drone x3  
  97  12:34  Mutalisk  
  97  12:35  Zergling x18, Mutalisk  
  97  12:36  Zergling x2  
  108  12:42  Mutalisk, Zergling x4  
  112  12:50  Muscular Augments  
  112  12:57  Mutalisk  
  112  12:58  Mutalisk  
  102  13:09  Mutalisk x4  
  102  13:10  Zergling x2  
  97  13:20  Mutalisk  
  97  13:21  Mutalisk x2, Zergling x8  
  105  13:28  Burrow  
  97  14:08  Overlord x4  
Show
View Real Time Build Order
Export as new Build Order

Flame Zerg 

Build Orders: Pool First, Lurkers 

Get SALT Encoding   

  12  0:01  Drone  
  13  0:08  Drone  
  14  0:16  Overlord  
  14  0:35  Spawning Pool  
  13  0:36  Drone  
  13  0:40  Drone  
  15  0:44  Drone  
  15  0:47  Extractor  
  15  0:50  Drone  
  16  0:58  Drone  
  17  1:09  Drone  
  18  1:22  Drone  
  19  1:28  Hatchery  
  18  1:33  Queen  
  18  1:38  Drone  
  21  1:44  Overlord  
  21  1:51  Overlord  
  21  2:00  Metabolic Boost  
  21  2:03  Zergling x2  
  22  2:13  Queen  
  24  2:20  Drone  
  25  2:24  Drone  
  26  2:35  Drone  
  27  2:43  Queen  
  29  2:49  Drone  
  30  2:51  Drone  
  30  2:55  Drone  
  30  2:57  Drone  
  33  3:09  Baneling Nest  
  33  3:11  Zergling x2  
  33  3:19  Queen  
  36  3:20  Zergling x2  
  36  3:22  Overlord x2  
  36  3:30  Overlord  
  35  3:42  Zergling x8  
  39  3:54  Zergling x2  
  40  3:55  Baneling  
  40  3:56  Baneling x3  
  40  4:02  Lair  
  40  4:14  Zergling x4  
  42  4:21  Drone x3  
  45  4:28  Drone x4  
  49  4:32  Drone  
  49  4:35  Extractor  
  49  4:44  Extractor  
  49  4:45  Extractor  
  47  4:50  Zergling x12  
  47  4:51  Zergling x8  
  57  4:53  Baneling x2  
  57  4:59  Hatchery  
  56  5:01  Spore Crawler  
  56  5:02  Spore Crawler  
  56  5:07  Drone x3  
  57  5:15  Drone  
  57  5:16  Drone x2  
  54  5:57  Spore Crawler  
  54  5:59  Spore Crawler  
  54  6:00  Drone x3  
  51  6:05  Zergling x6  
  51  6:06  Zergling x10  
  51  6:07  Zergling x2  
  56  6:17  Baneling x2  
  53  6:20  Zergling x6  
  53  6:21  Zergling x4  
  58  6:29  Queen  
  58  6:30  Spore Crawler  
  58  6:31  Spore Crawler, Queen  
  59  6:34  Spore Crawler  
  59  6:36  Drone x5  
  59  6:39  Drone x3  
  52  7:07  Hydralisk Den  
  51  7:11  Overlord  
  51  7:12  Overlord x4  
  51  7:27  Queen  
  45  7:33  Zergling x6  
  45  7:34  Zergling x12  
  45  7:35  Zergling x6  
  57  7:45  Grooved Spines  
  57  7:54  Lurker Den  
  55  7:59  Zergling x10  
  55  8:01  Zergling x2  
  50  8:31  Hydralisk x5  
  59  8:35  Muscular Augments  
  59  8:38  Drone x2  
  61  8:51  Nydus Network  
  61  8:53  Zergling x8  
  61  8:55  Baneling x2  
  64  8:56  Baneling x2  
  64  9:04  Lurker x3  
  64  9:08  Lurker  
  68  9:41  Overlord x3  
  68  9:42  Overlord  
  68  9:50  Hatchery  
  67  10:04  Infestation Pit  
  64  10:15  Centrifugal Hooks  
  64  10:21  Hydralisk x4  
  59  11:15  Zergling x12  
  59  11:16  Zergling x14  
  59  11:17  Zergling x10  
  77  11:33  Drone x3  
  77  11:34  Drone x3  
  56  12:12  Queen  
  58  12:26  Spore Crawler  
  58  12:27  Spore Crawler x2  
  58  12:29  Hydralisk  
  57  12:30  Hydralisk x2  
  54  12:40  Zergling x6  
  54  12:41  Zergling x2  
  56  12:55  Spore Crawler  
  42  13:11  Zergling x6  
  42  13:12  Zergling x12  
  48  13:13  Zergling x6  
  40  13:24  Zergling x4  
  10  13:59  Zergling x8  
  10  14:00  Zergling x8  
Tags
 
Composition
Lurkers
Matchup
ZvZ
Race
Zerg
Replay Pack
Multiplayer
Spawn Locations
Close Positions
Add a new tag
Caveats
  • Supply blocks, unpowered buildings, or Contaminate may cause inaccurate times.
  • Supply counts are checked every 10 seconds.